 Dungeon Crawl Stone Soup version 0.30-a0-739-gea05faddec (webtiles) character file.

Game seed: 1209170545068020899

1263 xian the Cudgeller (level 8, -2/39 HPs)
             Began as a Vine Stalker Venom Mage on Feb 4, 2023.
             Slain by a white imp (3 damage)
             ... on level 6 of the Dungeon.
             The game lasted 00:15:08 (4525 turns).

xian the Cudgeller (Vine Stalker Venom Mage)        Turns: 4525, Time: 00:15:08

Health: -2/39      AC:  5    Str: 12    XL:     8   Next: 52%
Magic:  0/14       EV: 12    Int: 21    God:
Gold:   297        SH:  0    Dex: 14    Spells: 4/14 levels left

rFire   + . .      SeeInvis .    k - +4 flail of Moral Flaws {drain, Int+4}
rCold   x . .      Faith    .    (no shield)
rNeg    . . .      Spirit   +    B - +0 leather armour
rPois   .          Reflect  .    r - +1 helmet
rElec   .          Harm     .    (no cloak)
rCorr   +          Rampage  .    (no gloves)
Will    +....                    (no boots)
Stlth   ++                       (no amulet)
HPRegen 1.06/turn                w - ring of fire
MPRegen 0.14/turn                o - ring of resist corrosion

@: no status effects
A: fangs 3, regeneration 1, magic shield, antimagic bite, no potion heal 2
a: no special abilities


You were on level 6 of the Dungeon.
You visited 1 branch of the dungeon, and saw 6 of its levels.

You collected 297 gold pieces.

Inventory:

Hand Weapons
 k - the +4 flail of Moral Flaws (weapon) {drain, Int+4}
   (You found it on level 2 of the Dungeon)

   Int:       It affects your intelligence (+4).
 y - the +1 falchion of Darkness {freeze, Drain Str+2 Int+3 Stlth+}
   (You found it on level 5 of the Dungeon)

   Str:       It affects your strength (+2).
   Int:       It affects your intelligence (+3).
   Drain:     It drains your maximum health when unequipped.
   Stlth:     It makes you more stealthy.
Missiles
 l - a throwing net
 p - 6 poisoned darts
Armour
 r - a +1 helmet (worn)
 B - a +0 leather armour (worn)
Jewellery
 o - a ring of resist corrosion (right hand)
 w - a ring of fire (left hand)
Scrolls
 c - a scroll of magic mapping {unknown}
 d - 4 scrolls of enchant armour {unknown}
 g - a scroll of vulnerability {unknown}
 i - a scroll of torment {unknown}
 m - 3 scrolls of amnesia
 n - a scroll of teleportation
 q - a scroll of fog
 v - a scroll of fear
 x - a scroll of enchant weapon
 A - a scroll of blinking {unknown}
Potions
 b - 2 potions of magic
 e - 2 potions of lignification {unknown}
 f - 6 potions of curing
 h - a potion of degeneration {unknown}
 j - a potion of heal wounds {unknown}
 s - a potion of brilliance {unknown}
 t - a potion of might {unknown}
 u - 2 potions of mutation {unknown}
 z - a potion of flight {unknown}


   Skills:
 + Level 2.1 Fighting
 + Level 5.1 Maces & Flails
 * Level 1.2 Armour
 + Level 2.8 Dodging
 + Level 3.6 Stealth
 + Level 3.8 Spellcasting
 + Level 0.1 Conjurations
 + Level 4.2 Transmutations
 + Level 0.1 Air Magic
 + Level 4.6 Poison Magic


You had 4 spell levels left.
You knew the following spells:

 Your Spells              Type           Power      Damage    Failure   Level
a - Sting                 Tmut/Pois      88%        1d7       2%          1
b - Poisonous Vapours     Pois/Air       28%        N/A       9%          2
c - Mephitic Cloud        Conj/Pois/Air  10%        N/A       24%         3
d - Olgreb's Toxic Radia  Pois           23%        N/A       22%         4

Your spell library contained the following spells:

 Spells                   Type           Power      Damage    Failure   Level
 Slow                     Hex            16%        N/A       16%         1
 Confusing Touch          Hex            4%         N/A       43%         3
 Vampiric Draining        Necr           4%         2d6       43%         3


Dungeon Overview and Level Annotations

Branches:
Dungeon (6/15)
 Temple: D:4-7

Altars:
Okawaru
The Shining One

Portals:
Abyss: D:5

Annotations:
D:5 2 transporters, tinescath's ghost, amateur DrHW


Innate Abilities, Weirdness & Mutations

You have razor-sharp teeth.
Your natural rate of healing is unusually fast.
When hurt, damage is shared between your health and your magic reserves.
Your bite disrupts and absorbs the magic of your enemies.
Potions cannot restore your health.


Message History

Unknown command.
You barely miss the phantom. Your bite misses the phantom.
The phantom is heavily damaged.
The white imp gestures at you. The puff of frost hits you!
You feel a terrible chill!
The phantom hits you but does no damage.
An ice beast comes into view.
You hit the phantom.
The phantom is severely damaged.
The white imp hits you but does no damage.
The phantom closely misses you.
You sock the phantom!
The phantom is almost destroyed.
The white imp barely misses you. The phantom barely misses you.
Unknown command.
You miss the phantom. Your bite misses the phantom.
The phantom is almost destroyed.
The white imp hits you. The white imp freezes you.
You feel a terrible chill!
The phantom hits you but does no damage.
Unknown command.
You hit the phantom but do no damage.
The phantom is almost destroyed.
The white imp completely misses you.
The phantom hits you but does no damage.
Unknown command.
You barely miss the phantom. You bite the phantom.
You destroy the phantom!
The white imp gestures at you. The puff of frost hits you!
You feel a terrible chill! The white imp gestures at you.
The puff of frost hits you.
You feel a terrible chill! The white imp hits you. The white imp freezes you.
You feel a terrible chill!
* * * LOW HITPOINT WARNING * * *
The ice beast hits you.
* * * LOW HITPOINT WARNING * * *
The ice beast freezes you!
You feel a terrible chill!
* * * LOW HITPOINT WARNING * * *
Okay, then.
The white imp attacks as you move away! The white imp hits you.
You die...

....... ....... .#
....... ..# .....
....... ###.# .....
.......##...##.....
..................$
.................#
.......@.........#
......Y.5.....#
............### .
.........../###..
.................O.
.....#...........$.
..#..#..........>..
.##................
#..#............|


You could see an ice beast and a white imp.

Vanquished Creatures
  Grinder (D:5)
  2 black bears
  A phantom (D:6)
  A bullfrog (D:6)
  A necrophage (D:5)
  2 scorpions (D:5)
  An iguana (D:5)
  2 hounds
  6 jellies
  2 orc priests (D:4)
  Jessica (D:2)
  4 gnolls
  9 adders
  An ufetubus (D:5)
  A worm (D:2)
  A dart slug (D:3)
  7 orcs
  4 bats
  11 endoplasms
  3 giant cockroaches
  5 goblins
  11 hobgoblins
  A jackal (D:3)
  6 quokkas
  6 ball pythons
  5 frilled lizards
  15 kobolds
  8 rats
118 creatures vanquished.

Vanquished Creatures (others)
  7 fungi (D:3)
  7 toadstools (D:3)
14 creatures vanquished.

Grand Total: 132 creatures vanquished

Notes
Turn   | Place    | Note
-------+----------+-------------------------------------------
     0 | D:1      | xian the Vine Stalker Venom Mage began the quest for the
                  | Orb.
     0 | D:1      | Reached XP level 1. HP: 9/9 MP: 4/4
   268 | D:1      | Found a faded altar of an unknown god.
   274 | D:1      | Reached XP level 2. HP: 13/13 MP: 3/6
   283 | D:1      | Learned a level 2 spell: Poisonous Vapours
   860 | D:1      | Reached XP level 3. HP: 16/16 MP: 4/8
  1156 | D:2      | Identified the +4 flail of Moral Flaws {drain, Int+4}
  1209 | D:2      | Learned a level 3 spell: Mephitic Cloud
  1442 | D:2      | Noticed Jessica
  1446 | D:2      | Killed Jessica
  1447 | D:2      | Reached skill level 1 in Maces & Flails
  1447 | D:2      | Gained mutation: Your natural rate of healing is unusually
                  | fast. [Vine Stalker growth]
  1447 | D:2      | Reached XP level 4. HP: 21/21 MP: 5/9
  1840 | D:3      | Reached XP level 5. HP: 18/25 MP: 3/10
  1919 | D:3      | Found a glowing golden altar of the Shining One.
  2476 | D:3      | Reached skill level 1 in Fighting
  2479 | D:3      | Reached XP level 6. HP: 14/30 MP: 4/11
  2485 | D:3      | Reached skill level 2 in Maces & Flails
  2607 | D:3      | Learned a level 4 spell: Olgreb's Toxic Radiance
  2904 | D:4      | Noticed a black bear
  2913 | D:4      | Killed a black bear
  3227 | D:4      | Reached skill level 3 in Maces & Flails
  3227 | D:4      | Reached XP level 7. HP: 13/33 MP: 4/12
  3306 | D:4      | Found an iron altar of Okawaru.
  3684 | D:5      | Entered Level 5 of the Dungeon
  3847 | D:5      | Reached skill level 4 in Maces & Flails
  3847 | D:5      | Noticed Grinder
  3851 | D:5      | Paralysed by Grinder for 4 turns
  3861 | D:5      | Paralysed by Grinder for 3 turns
  3865 | D:5      | Killed Grinder
  3866 | D:5      | Gained mutation: You have razor-sharp teeth. [Vine Stalker
                  | growth]
  3866 | D:5      | Reached XP level 8. HP: 21/39 MP: 3/14
  3974 | D:5      | Found a one-way gate to the infinite horrors of the Abyss.
  3974 | D:5      | Noticed tinescath's ghost (amateur DrHW)
  3997 | D:5      | Found a transporter.
  4001 | D:5      | Identified the +1 falchion of Darkness {freeze, Drain Str+2
                  | Int+3 Stlth+}
  4004 | D:5      | Found a transporter.
  4232 | D:5      | Noticed an ancient zyme
  4388 | D:5      | Reached skill level 5 in Maces & Flails
  4513 | D:6      | Reached skill level 1 in Armour
  4524 | D:6      | HP: 1/39 [ice beast (9)]
  4525 | D:6      | Slain by a white imp

Illustrated notes

Levels and vault maps discovered:
D:1:      wander_arrival_peaceful_grave, layout_loops_cross,
          ebering_ecumenical_altar_petrified
D:2:      layout_rooms, uniq_jessica
D:3:      cheibrodos_fertilizer, layout_basic, nicolae_tso_swordbearing_angel,
          serial_glass, glass_columns_a, glass_columns_a, glass_columns_c,
          minmay_three_crescents
D:4:      layout_layer_cave, mainiacjoe_overflow_surrounded_room
D:5:      layout_loops_ring, gammafunk_ghost_abyssal_escape, uniq_grinder
D:6:      layout_cave_pools

Skill      XL: |  1  2  3  4  5  6  7  8 |
---------------+-------------------------+-----
Maces & Flails | 1 3 4 5 |  5.1
Spellcasting   | 3 |  3.8
Transmutations | 2 3 4 |  4.2
Poison Magic   | 4 |  4.6
Stealth        | 3 |  3.6
Fighting       | 1 2 |  2.1
Dodging        | 2 |  2.8
Armour         | 1 |  1.2
Conjurations   | |  0.1
Air Magic      | |  0.1

Action                     |  1- 3 |  4- 6 |  7- 9 || total
---------------------------+-------+-------+-------++-------
  Melee: Mace              |    16 |       |       ||    16
         Bite              |     3 |    21 |    20 ||    44
         Flail             |     4 |    96 |    69 ||   169
         Punch             |       |       |     1 ||     1
   Cast: Sting             |    64 |    31 |    18 ||   113
         Mephitic Cloud    |       |     5 |     1 ||     6
    Use: Scroll            |       |       |     6 ||     6
         Potion            |       |       |     1 ||     1
   Stab: Sleeping          |       |     1 |     1 ||     2
         Confused          |       |     1 |       ||     1
 Armour: Robe              |    13 |    13 |     8 ||    34
         Leather armour    |       |       |    13 ||    13
  Dodge: Dodged            |    38 |    61 |    49 ||   148

Table legend: (Time is in decaauts)
 A = Elapsed time spent in this place.
 B = Non-inter-level travel time spent in this place.
 C = Inter-level travel time spent in this place.
 D = Time resting spent in this place.
 E = Time spent auto-exploring this place.
 F = Levels seen in this place.
 G = Mean time per level.
                   A        B        C        D        E       F      G
               +--------+--------+--------+--------+--------+-----+--------+
         Total |   4572 |   4480 |     92 |      5 |   3357 |   6 |  762.0 |
       Dungeon |   4572 |   4480 |     92 |      5 |   3357 |   6 |  762.0 |
               +--------+--------+--------+--------+--------+-----+--------+

Top non-repeatable levels by time:
     D:1: 1136 daAuts
     D:4: 1063 daAuts
     D:3: 949 daAuts
     D:5: 820 daAuts
     D:2: 572 daAuts
     D:6: 30 daAuts
